Map: Abyssal Reef LE

Players

KidBengala

  • Race: Terran Terran
  • Spawn Location: 11:00

Juxtapose - Winner!

  • Race: Zerg Zerg
  • Spawn Location: 5:00

VOD

https://youtu.be/_k5bWoAGxY0

Description

My third placement match, and an interesting one involving proxy Barracks.

My intention was to go into Roaches and Ravagers had the game progressed more traditionally.

Time

  • Played on: July 16, 2017, 2:50 p.m.
  • Length: 4:40
Show
View Real Time Build Order
Export as new Build Order

KidBengala Terran 

Build Orders:  

Get SALT Encoding   

  12  0:02  SCV  
  13  0:15  SCV  
  14  0:27  SCV, Refinery  
  15  0:31  Refinery  
  15  1:09  Supply Depot  
  15  1:30  SCV  
  16  1:34  Supply Depot  
  16  1:45  Barracks  
  16  1:50  SCV  
  17  1:56  Supply Depot  
  17  2:02  SCV  
  18  2:14  SCV  
  19  2:18  Supply Depot  
  19  2:26  SCV  
  20  2:32  Barracks  
  20  2:33  Marine  
  21  2:38  SCV  
  22  2:51  Marine  
  23  3:08  Barracks  
  23  3:09  Marine  
  24  3:21  Barracks Tech Lab  
  24  3:27  Marine  
  24  3:29  Bunker  
  24  3:45  Marauder  
  22  4:06  Marauder  
Show
View Real Time Build Order
Export as new Build Order

Juxtapose Zerg - Winner!

Build Orders: Pool First 

Get SALT Encoding   

  12  0:01  Drone  
  13  0:13  Overlord  
  13  0:19  Drone  
  14  0:32  Drone x2  
  16  0:45  Spawning Pool  
  15  0:50  Overlord  
  15  0:55  Drone  
  16  1:01  Drone  
  17  1:06  Extractor  
  17  1:10  Drone  
  17  1:22  Drone  
  18  1:33  Zergling x2  
  18  1:34  Queen  
  21  1:43  Drone  
  21  1:46  Extractor  
  21  1:58  Hatchery  
  20  2:05  Drone  
  20  2:06  Drone  
  22  2:10  Metabolic Boost  
  22  2:16  Drone  
  23  2:26  Drone  
  24  2:37  Drone  
  25  2:51  Drone x3  
  25  2:57  Roach Warren  
  27  3:05  Drone x2  
  29  3:11  Drone, Queen  
  32  3:22  Queen  
  32  3:24  Drone x2  
  32  3:27  Overlord  
  36  3:43  Overlord  
  36  3:45  Zergling x2  
  36  3:46  Zergling x8  
  40  4:14  Zergling x10  
Tags
 
Matchup
TvZ
Opening
Pool First
Spawn Locations
Cross Positions
Add a new tag
Caveats
  • Supply blocks, unpowered buildings, or Contaminate may cause inaccurate times.
  • Supply counts are checked every 10 seconds.